 Dungeon Crawl Stone Soup version 0.30.0-11-gf55b779eaf (webtiles) character file.

Game seed: 9181066866879167340

96 Darkkill the Shooter (level 4, -1/38 HPs)
             Began as a Minotaur Hunter on May 16, 2023.
             Slain by an orc priest
             ... wielding a +0 trident
              (5 damage)
             ... on level 3 of the Dungeon.
             The game lasted 00:03:48 (1988 turns).

Darkkill the Shooter (Minotaur Hunter)              Turns: 1988, Time: 00:03:48

Health: -1/38      AC:  4    Str: 15    XL:     4   Next: 41%
Magic:  3/3        EV: 13    Int:  6    God:
Gold:   149        SH:  0    Dex: 16    Spells: 3/3 levels left

rFire   . . .        a - +0 shortbow
rCold   . . .        (shield currently unavailable)
rNeg    . . .        c - +0 leather armour
rPois   .            (helmet restricted)
rElec   .            (no cloak)
rCorr   .            (no gloves)
SInv    .            d - +0 pair of boots
Will    .....        (no amulet)
Stlth   ++           (no ring)
HPRegen 0.26/turn    (no ring)
MPRegen 0.08/turn

%: no passive effects
@: no status effects
A: horns 2, retaliatory headbutt
a: no special abilities


You were on level 3 of the Dungeon.
You visited 1 branch of the dungeon, and saw 3 of its levels.

You collected 149 gold pieces.

Inventory:

Hand Weapons
 a - a +0 shortbow (weapon)
Missiles
 e - 27 stones
 f - 4 poisoned darts
 p - 4 javelins
Armour
 c - a +0 leather armour (worn)
 d - a +0 pair of boots (worn)
Scrolls
 b - a scroll of immolation
 k - 2 scrolls of magic mapping
Potions
 h - 3 potions of mutation
 i - a potion of ambrosia {unknown}
 j - 2 potions of brilliance
 l - a potion of magic {unknown}
 m - a potion of resistance {unknown}
 r - a potion of flight {unknown}


   Skills:
 + Level 3.5 Fighting
 + Level 5.0 Ranged Weapons
 + Level 3.2 Dodging
 + Level 1.9 Stealth


You had 3 spell levels left.
You didn't know any spells.
Your spell library was empty.

Dungeon Overview and Level Annotations

Branches:
Dungeon (3/15)

Altars:
Zin

Shops:
D:1 [   D:2 ?


Innate Abilities, Weirdness & Mutations

You have a pair of horns on your head.
You reflexively headbutt those who attack you in melee.


Message History

Unknown command.
Fire: a) +0 shortbow
Press: ? - help, Q - select action, (/) - cycle Shift-Dir - straight line, f/p - orc
Aim: an orc, wielding a +0 short sword and wearing a +0 ring mail (almost dead, 65% to hit)
You shoot an arrow. The arrow hits the orc.
You kill the orc!
You have reached level 4!
You feel agile.
Fire: a) +0 shortbow
Press: ? - help, Q - select action, (/) - cycle Shift-Dir - straight line, f - orc priest
Aim: an orc priest, wielding a +0 whip (63% to hit)
You shoot an arrow. The arrow hits the orc priest.
The orc priest is heavily wounded.
The orc priest barely misses you.
Fire: a) +0 shortbow
Press: ? - help, Q - select action, (/) - cycle Shift-Dir - straight line, f/p - orc priest
Aim: an orc priest, wielding a +0 whip (heavily wounded, 63% to hit)
Okay, then.
You feel much better.
The orc priest mumbles some strange prayers to Beogh against you.
Beogh smites you!
The orc priest hits you with a +0 trident.
Fire: a) +0 shortbow
Press: ? - help, Q - select action, (/) - cycle Shift-Dir - straight line, f/p - orc priest
Aim: an orc priest, wielding a +0 whip (heavily wounded, 63% to hit)
You shoot an arrow. The arrow hits the orc priest.
The orc priest is heavily wounded.
The orc priest hits you but does no damage.
The orc priest hits you with a +0 trident!
The orc priest hits you with a +0 whip. The orc priest closely misses you.
Fire: a) +0 shortbow
Press: ? - help, Q - select action, (/) - cycle Shift-Dir - straight line, f/p - orc priest
Aim: an orc priest, wielding a +0 whip (heavily wounded, 63% to hit)
You shoot an arrow. The arrow hits the orc priest.
The orc priest is severely wounded.
The orc priest closely misses you. The orc priest barely misses you.
Fire: a) +0 shortbow
Press: ? - help, Q - select action, (/) - cycle Shift-Dir - straight line, f/p - orc priest
Aim: an orc priest, wielding a +0 whip (severely wounded, 63% to hit)
You shoot an arrow. The arrow hits the orc priest.
You kill the orc priest!
The orc priest hits you with a +0 trident.
Your Ranged Weapons skill increases to level 5!
You feel much better.
The orc priest hits you with a +0 trident.
Fire: a) +0 shortbow
Press: ? - help, Q - select action, (/) - cycle Shift-Dir - straight line, f - orc priest
Aim: an orc priest, wielding a +0 trident (63% to hit)
You shoot an arrow.
The arrow closely misses the orc priest.
The orc priest hits you with a +0 trident!
The orc priest hits you with a +0 trident.
Fire: a) +0 shortbow
Press: ? - help, Q - select action, (/) - cycle Shift-Dir - straight line, f/p - orc priest
Aim: an orc priest, wielding a +0 trident (63% to hit)
You shoot an arrow. The arrow barely misses the orc priest.
The orc priest invokes the aid of Beogh against you.
Beogh smites you!
Fire: a) +0 shortbow
Press: ? - help, Q - select action, (/) - cycle Shift-Dir - straight line, f/p - orc priest
Aim: an orc priest, wielding a +0 trident (63% to hit)
You shoot an arrow.
The arrow hits the orc priest but does no damage.
The orc priest invokes the aid of Beogh against you.
You barely resist.
Fire: a) +0 shortbow
Press: ? - help, Q - select action, (/) - cycle Shift-Dir - straight line, f/p - orc priest
Aim: an orc priest, wielding a +0 trident (63% to hit)
You shoot an arrow.
The arrow hits the orc priest but does no damage.
The orc priest hits you with a +0 trident.
The orc priest hits you but does no damage.
Fire: a) +0 shortbow
Press: ? - help, Q - select action, (/) - cycle Shift-Dir - straight line, f/p - orc priest
Aim: an orc priest, wielding a +0 trident (63% to hit)
You shoot an arrow. The arrow hits the orc priest!
The orc priest is heavily wounded.
The orc priest barely misses you.
Fire: a) +0 shortbow
Press: ? - help, Q - select action, (/) - cycle Shift-Dir - straight line, f/p - orc priest
Aim: an orc priest, wielding a +0 trident (heavily wounded, 63% to hit)
You shoot an arrow. The arrow hits the orc priest.
The orc priest is severely wounded.
The orc priest invokes the aid of Beogh against you.
Beogh smites you!
* * * LOW HITPOINT WARNING * * *
Fire: a) +0 shortbow
Press: ? - help, Q - select action, (/) - cycle Shift-Dir - straight line, f/p - orc priest
Aim: an orc priest, wielding a +0 trident (severely wounded, 63% to hit)
You shoot an arrow.
The arrow completely misses the orc priest.
The orc priest hits you but does no damage.
The orc priest miscasts a cantrip.
Fire: a) +0 shortbow
Press: ? - help, Q - select action, (/) - cycle Shift-Dir - straight line, f/p - orc priest
Aim: an orc priest, wielding a +0 trident (heavily wounded, 63% to hit)
You shoot an arrow. The arrow hits the orc priest.
The orc priest is almost dead.
The orc priest hits you with a +0 trident.
You die...

....... .......
....... .......
...)... .......
#####
......o####...#
#@†...#.#
#.).#####.#
.....### #.#
#..##... ##.# #.
# #. #..# #.##
#.## ..# #.#
#####.###.####
##.....##.....##


You could see an orc priest.

Vanquished Creatures
  An orc priest (D:3)
  2 adders (D:2)
  A dart slug (D:1)
  An orc (D:3)
  4 bats
  2 endoplasms
  2 giant cockroaches (D:1)
  4 goblins
  5 hobgoblins
  2 quokkas
  7 ball pythons
  4 frilled lizards
  4 kobolds (D:2)
  8 rats
47 creatures vanquished.

Notes
Turn   | Place    | Note
-------+----------+-------------------------------------------
     0 | D:1      | Darkkill the Minotaur Hunter began the quest for the Orb.
     0 | D:1      | Reached XP level 1. HP: 18/18 MP: 0/0
   109 | D:1      | Reached skill level 1 in Stealth
   177 | D:1      | Reached XP level 2. HP: 25/25 MP: 1/1
   465 | D:1      | Reached XP level 3. HP: 31/31 MP: 2/2
   506 | D:1      | Found a transporter.
   509 | D:1      | Found Qaeru's Armour Shop.
   538 | D:1      | Found a transporter.
  1261 | D:2      | Found a glowing silver altar of Zin.
  1484 | D:2      | Found Zigim's Magic Scroll Boutique.
  1975 | D:3      | Reached XP level 4. HP: 16/38 MP: 3/3
  1980 | D:3      | Reached skill level 5 in Ranged Weapons
  1986 | D:3      | HP: 3/38 [orc priest/divine providence (14)]
  1988 | D:3      | Slain by an orc priest

Illustrated notes

Levels and vault maps discovered:
D:1:      dpeg_arrival_snail, layout_basic, serial_shops,
          nicolae_shop_drivethru, minmay_hexomino_p4
D:2:      layout_basic, serial_shops, nicolae_shop_rolled_up, basic_altar,
          due_unseen_surprise
D:3:      layout_rooms, nicolae_ru_sacrificial_ziggurat

Skill      XL: |  1  2  3  4 |
---------------+-------------+-----
Stealth        | 1 |  1.9
Fighting       | 3 |  3.5
Dodging        | 3 |  3.2
Ranged Weapons | 5 |  5.0

Action                     |  1- 3 |  4- 6 || total
---------------------------+-------+-------++-------
   Fire: Shortbow          |   123 |    12 ||   135
    Use: Scroll            |     7 |       ||     7
         Potion            |     1 |     2 ||     3
 Armour: Leather armour    |    25 |     3 ||    28
  Dodge: Dodged            |    42 |     5 ||    47

Levels and vault maps discovered:
D:1:      dpeg_arrival_snail, layout_basic, serial_shops,
          nicolae_shop_drivethru, minmay_hexomino_p4
D:2:      layout_basic, serial_shops, nicolae_shop_rolled_up, basic_altar,
          due_unseen_surprise
D:3:      layout_rooms, nicolae_ru_sacrificial_ziggurat

Table legend: (Time is in decaauts)
 A = Elapsed time spent in this place.
 B = Non-inter-level travel time spent in this place.
 C = Inter-level travel time spent in this place.
 D = Time resting spent in this place.
 E = Time spent auto-exploring this place.
 F = Levels seen in this place.
 G = Mean time per level.
                   A        B        C        D        E       F      G
               +--------+--------+--------+--------+--------+-----+--------+
         Total |   2029 |   1746 |    283 |      4 |   1446 |   3 |  676.3 |
       Dungeon |   2029 |   1746 |    283 |      4 |   1446 |   3 |  676.3 |
               +--------+--------+--------+--------+--------+-----+--------+

Top non-repeatable levels by time:
     D:1: 1058 daAuts
     D:2: 807 daAuts
     D:3: 162 daAuts

Table legend:
 A = Kills in this place as a percentage of kills in the entire game.
 B = Kills by you in this place as a percentage of kills by you in the entire game.
 C = Kills by friends in this place as a percentage of kills by friends in the entire game.
 D = Other kills in this place as a percentage of other kills in the entire game.
 E = Experience gained in this place as a percentage of experience gained in the entire game.
 F = Experience gained in this place divided by the number of levels of this place that you have seen.
                   A       B       C       D       E      F
               +-------+-------+-------+-------+-------+----------------------
         Total | 100.0 | 100.0 |   N/A |   N/A | 100.0 |  46.0
       Dungeon | 100.0 | 100.0 |   N/A |   N/A | 100.0 |  46.0
               +-------+-------+-------+-------+-------+----------------------
